 Dungeon Crawl Stone Soup version 0.30-a0-116-g3b1a8e4ee4 (webtiles) character file.

Game seed: 8149957820191021110

21 frimble the Vexing (level 2, -2/21 HPs)
             Began as a Demonspawn Hexslinger on Sept 13, 2022.
             Slain by a hobgoblin (3 damage)
             ... on level 1 of the Dungeon.
             The game lasted 00:00:56 (1129 turns).

frimble the Vexing (Demonspawn Hexslinger)          Turns: 1129, Time: 00:00:57

Health: -2/21      AC:  3    Str: 10    XL:     2   Next: 62%
Magic:  3/3        EV: 12    Int: 14    God:
Gold:   43         SH:  0    Dex: 13    Spells: 2/3 levels left

rFire   . . .      SeeInvis .    b - +4 dagger
rCold   . . .      Faith    .    (no shield)
rNeg    . . .      Spirit   .    c - +1 robe
rPois   .          Reflect  .    (no helmet)
rElec   .          Harm     .    (no cloak)
rCorr   .          Rampage  .    (no gloves)
Will    .....                    (no boots)
Stlth   +.........               (no amulet)
HPRegen 0.07/turn                (no ring)
MPRegen 0.16/turn                (no ring)

@: no status effects
A: magic regeneration
a: no special abilities


You were on level 1 of the Dungeon.
You visited 1 branch of the dungeon, and saw 2 of its levels.

You collected 43 gold pieces.

Inventory:

Hand Weapons
 a - a +1 sling
 b - a +4 dagger (weapon)
Armour
 c - a +1 robe (worn)
Scrolls
 e - a scroll of poison
Potions
 h - a potion of heal wounds {unknown}


   Skills:
 - Level 1.1 Fighting
 + Level 1.1 Short Blades
 + Level 2.3 Ranged Weapons
 - Level 1.8 Dodging
 - Level 1.1 Spellcasting
 - Level 3.0 Hexes


You had 2 spell levels left.
You knew the following spells:

 Your Spells              Type           Power      Damage    Failure   Level
a - Slow                  Hex            36%        N/A       8%          1

Your spell library contained the following spells:

 Spells                   Type           Power      Damage    Failure   Level
 Inner Flame              Hex/Fire       5%         N/A       38%         3
 Portal Projectile        Hex/Tloc       10%        N/A       38%         3
 Cause Fear               Hex            4%         N/A       58%         4


Dungeon Overview and Level Annotations

Branches:
Dungeon (2/15)

Altars:


Innate Abilities, Weirdness & Mutations

You regenerate magic rapidly.


Message History

The hobgoblin shouts!
You barely miss the worm. You barely miss the worm. The worm bites you.
You hit the worm but do no damage. You hit the worm.
The worm is lightly wounded.
The worm closely misses you.
You puncture the worm!
The worm is heavily wounded.
The hobgoblin barely misses you. The rat bites you but does no damage.
You hit the worm.
The worm is heavily wounded.
A worm comes into view.
The hobgoblin hits you. The rat closely misses you. The worm bites you!
* * * LOW HITPOINT WARNING * * *
You are too injured to fight recklessly!
You are too injured to fight recklessly!
You are too injured to fight recklessly!
You are too injured to fight recklessly!
The hobgoblin attacks as you move away! The hobgoblin closely misses you.
The rat closely misses you. The rat closely misses you.
The hobgoblin attacks as you move away! The hobgoblin misses you.
The hobgoblin attacks as you move away! The hobgoblin barely misses you.
The hobgoblin attacks as you move away! The hobgoblin hits you.
* * * LOW HITPOINT WARNING * * *
There is a stone staircase leading up here.
The rat bites you.
* * * LOW HITPOINT WARNING * * *
The hobgoblin hits you.
* * * LOW HITPOINT WARNING * * *
You climb upwards.
There is a stone staircase leading down here.
Okay, then.
It was a potion of magic.
Magic courses through your body.
The hobgoblin hits you but does no damage.
The rat bites you but does no damage.
It was a potion of cancellation.
You feel magically purged. The hobgoblin hits you.
You die...

..#
#...##.........#
..#
#....#.>..)....#
..#
#.##.#.........#
..#
#.##.#÷........#
###
#.##...........#
#............[##
#.####.........#
### #.........#
#.@.÷.....#
#g.r......#
#.........#
##.......##
##.....##
#######


You could see a hobgoblin and a rat.

Vanquished Creatures
  A worm (D:1)
  4 ball pythons (D:1)
  2 bats (D:1)
  2 giant cockroaches (D:1)
  A hobgoblin (D:1)
  A kobold (D:2)
  A quokka (D:1)
  2 frilled lizards (D:1)
  3 rats (D:1)
17 creatures vanquished.

Notes
Turn   | Place    | Note
-------+----------+-------------------------------------------
     0 | D:1      | frimble the Demonspawn Hexslinger began the quest for the
                  | Orb.
     0 | D:1      | Reached XP level 1. HP: 15/15 MP: 2/2
   295 | D:1      | Gained mutation: You regenerate magic rapidly. [demonic
                  | ancestry]
   295 | D:1      | Reached XP level 2. HP: 20/21 MP: 3/3
   773 | D:1      | Found a faded altar of an unknown god.
   818 | D:2      | Reached skill level 1 in Short Blades
  1126 | D:2      | HP: 1/21 [hobgoblin (2)]
  1129 | D:1      | Slain by a hobgoblin

Illustrated notes

Levels and vault maps discovered:
D:1:      minmay_arrival_semitransparent, layout_rooms,
          hellmonk_ecumenical_altar_heavens_door
D:2:      layout_rooms, hangedman_decor_lopped, minmay_liquid_box, uniq_robin,
          uniq_crazy_yiuf_cottage

Skill      XL: |  1  2 |
---------------+-------+-----
Ranged Weapons | 2 |  2.3
Short Blades   | 1 |  1.1
Fighting       | |  1.1
Dodging        | |  1.8
Spellcasting   | |  1.1
Hexes          | |  3.0

Action                   || total
-------------------------++-------
Melee: Dagger            ||    39
 Fire: Sling             ||    20
  Use: Scroll            ||     2
       Potion            ||     2
Armor: Robe              ||     6
Dodge: Dodged            ||    22

Table legend: (Time is in decaauts)
 A = Elapsed time spent in this place.
 B = Non-inter-level travel time spent in this place.
 C = Inter-level travel time spent in this place.
 D = Time resting spent in this place.
 E = Time spent auto-exploring this place.
 F = Levels seen in this place.
 G = Mean time per level.
                   A        B        C        D        E       F      G
               +--------+--------+--------+--------+--------+-----+--------+
         Total |   1132 |   1078 |     54 |      0 |    916 |   2 |  566.0 |
       Dungeon |   1132 |   1078 |     54 |      0 |    916 |   2 |  566.0 |
               +--------+--------+--------+--------+--------+-----+--------+

Top non-repeatable levels by time:
     D:1: 1043 daAuts
     D:2: 89 daAuts
